 Dungeon Crawl Stone Soup version 0.20.1-1-g8b1a95d (webtiles) character file.

49 letownia2 the Grave Robber (level 3, -1/28 HPs)
             Began as a Deep Dwarf Necromancer on Nov 13, 2017.
             Slain by an orc priest
             ... wielding a +2 falchion of holy wrath
              (6 damage)
             ... on level 6 of the Dungeon.
             The game lasted 00:03:22 (979 turns).

letownia2 the Grave Robber (Deep Dwarf Necromancer)  Turns: 979, Time: 00:03:23

Health: -1/28      AC:  3    Str: 11    XL:     3   Next: 53%
Magic:  0/6        EV: 12    Int: 16    God:
Gold:   79         SH:  0    Dex: 13    Spells: 2/6 levels left

rFire    + . .     SeeInvis .   a - staff of fire
rCold    . . .     Gourm    .   (no shield)
rNeg     . . .     Faith    .   e - +0 leather armour
rPois    .         Spirit   .   (no helmet)
rElec    .         Reflect  .   (no cloak)
rCorr    .         Harm     .   (no gloves)
MR       .....                  (no boots)
Stlth    ++........             (no amulet)
Regen    0.0/turn               (no ring)
MPRegen  0.1/turn               (no ring)

@: lethally poisoned (-1 -> -1), non-regenerating
A: damage resistance, heal wounds, sense surroundings 1, no regeneration
a: Heal Wounds


You were on level 6 of the Dungeon.
You were not hungry.

You visited 1 branch of the dungeon, and saw 6 of its levels.

You collected 79 gold pieces.

Inventory:

Armour
 e - a +0 leather armour (worn)
Magical Staves
 a - an uncursed staff of fire (weapon)
Scrolls
 d - a scroll of identify {unknown}
 g - 2 scrolls of teleportation {unknown}
 k - a scroll of enchant armour {unknown}
Potions
 h - a potion of invisibility {unknown}
 i - a potion of heal wounds {unknown}
 j - 2 potions of flight {unknown}
Books
 b - a book of Necromancy

   Spells                             Type                      Level
   a - Pain                           Necromancy                   1
   b - Animate Skeleton               Necromancy                   1
   c - Vampiric Draining              Necromancy                   3
   d - Regeneration                   Charms/Necromancy            3
   e - Animate Dead                   Necromancy                   4
   f - Control Undead                 Necromancy                   4
Comestibles
 c - a bread ration
 f - a meat ration
 l - 3 chunks of flesh


   Skills:
 - Level 0.2 Armour
 - Level 2.3 Dodging
 - Level 2.4 Stealth
 - Level 2.1 Spellcasting
 + Level 5.5 Necromancy


You had 2 spell levels left.
You knew the following spells:

 Your Spells              Type           Power        Failure   Level  Hunger
a - Pain                  Necr           ###.         2%          1    #......
v - Vampiric Draining     Necr           ###.......   9%          3    ###....


Dungeon Overview and Level Annotations

Branches:
Dungeon (7/15)
 Temple: D:4-7

Altars:
Gozag
Hepliaklqana
Sif Muna
Xom
Zin


Innate Abilities, Weirdness & Mutations

You are resistant to damage.
You can heal yourself by infusing magical energy.
You passively map a small area around you.
You do not regenerate.


Message History

Casting: Vampiric Draining
Confirm with . or Enter, or press ? or * to list all spells.
Aiming: Vampiric Draining
Press: ? - help, Shift-Dir - straight line, f/p - orc priest
Aim: an orc priest, wielding a falchion of holy wrath and wearing a chain mail (moderately wounded)
The orc priest is severely wounded.
You feel life coursing into your body.
The worker ant bites you but does no damage.
The orc priest hits you with a falchion of holy wrath!
* * * LOW HITPOINT WARNING * * *
Unknown command.
Unknown command.
You hit the orc priest.
The orc priest is almost dead.
The worker ant bites you.
* * * LOW HITPOINT WARNING * * *
You are poisoned.
The worker ant poisons you!
The orc priest hits you with a falchion of holy wrath!
You die...

* #############
**
,,+......#....# ,
, , ,
#......#....# , ,
#......#....#
#..##.###.##* **
, ####..##[###.##
* ,
,#..o@.........#,
, , + ,
#.>.a.........#
############..# *
#####..###.##. ,
+ ,
,...............
, ...............
, * ,
...............
,,
............... *
..###..####.##.


You could see a worker ant and an orc priest.

Vanquished Creatures
  An orc priest (D:7)
  2 orcs (D:6)
  A giant cockroach (D:7)
  A goblin (D:2)
  2 hobgoblins (D:2)
  5 jackals
  A kobold (D:1)
  A quokka (D:4)
  A bat (D:1)
  A frilled lizard (D:1)
16 creatures vanquished.

Notes
Turn   | Place    | Note
-------+----------+-------------------------------------------
     0 | D:1      | letownia2 the Deep Dwarf Necromancer began the quest for the Orb.
     0 | D:1      | Reached XP level 1. HP: 15/15 MP: 3/3
   268 | D:2      | Reached XP level 2. HP: 20/22 MP: 1/4
   303 | D:2      | Found a shimmering altar of Xom.
   418 | D:2      | Found a hazy altar of Hepliaklqana.
   730 | D:4      | You fall through a shaft for 3 floors!
   779 | D:7      | Found a glowing silver altar of Zin.
   779 | D:7      | Found an opulent altar of Gozag.
   813 | D:7      | Found a deep blue altar of Sif Muna.
   826 | D:7      | Noticed a howler monkey
   829 | D:7      | Reached skill level 5 in Necromancy
   829 | D:7      | Reached XP level 3. HP: 21/28 MP: 0/6
   945 | D:6      | Learned a level 3 spell: Vampiric Draining
   979 | D:6      | Slain by an orc priest

Skill      XL: |  1  2 |
---------------+-------+-----
Spellcasting   | 2 |  2.1
Necromancy     | 5 |  5.5
Armour         | |  0.2
Dodging        | |  2.3
Stealth        | |  2.4

Action                   || total
-------------------------++-------
Melee: Unarmed           ||    28
       Staff             ||     9
 Cast: Pain              ||    35
       Vampiric Draining ||     2
  Eat: Chunk             ||     1
Armor: Leather armour    ||    22
Dodge: Dodged            ||    56
